 Dungeon Crawl Stone Soup version 0.20-a0-1101-g1de9d76 (console) character file.

24397 nht the Black Belt (level 12, -1/89 HPs)
             Began as a Vampire Transmuter on May 4, 2017.
             Was a High Priest of Okawaru.
             Killed from afar by a rime drake (21 damage)
             ... with a flash freeze
             ... on level 4 of the Lair of Beasts.
             The game lasted 00:31:24 (11797 turns).

nht the Black Belt (Vampire Transmuter)            Turns: 11797, Time: 00:31:25

Health: -1/89      AC: 11    Str:  9    XL:     12   Next: 80%
Magic:  21/21      EV: 15    Int: 26    God:    Okawaru [*****.]
Gold:   530        SH:  0    Dex: 14    Spells: 11/23 levels left

rFire    . . .     SeeInvis +     - Unarmed
rCold    . . .     Gourm    .   (no shield)
rNeg     . . .     Faith    .   J - +2 robe {MR+}
rPois    .         Spirit   .   k - +2 hat
rElec    .         Reflect  .   d - scarf {repulsion}
rCorr    .         Harm     .   w - +2 pair of gloves
MR       +++..                  F - +1 pair of boots {run}
Stlth    +.........             v - amulet of rage
Regen    0.5/turn               n - ring of protection from magic
MPRegen  0.2/turn               t - +5 ring of intelligence

@: regenerating quickly, repel missiles, quick
A: fangs 3, see invisible, unbreathing
a: Heroism, Finesse, Renounce Religion, Evoke Berserk Rage


You were on level 4 of the Lair of Beasts.
You worshipped Okawaru.
Okawaru was extremely pleased with you.
You were very full.

You visited 2 branches of the dungeon, and saw 14 of its levels.

You collected 890 gold pieces.
You spent 360 gold pieces at shops.

Inventory:

Armour
 d - a scarf of repulsion (worn)
 k - a +2 hat (worn)
 u - a scarf of cloud immunity
 w - a +2 pair of gloves (worn)
 F - a +1 pair of boots of running (worn)
 J - a +2 robe of magic resistance (worn)
 K - a +0 robe of the Archmagi
Jewellery
 a - the ring of Xutoe {rN+ Str+4 Int+2}
   (You found it on level 8 of the Dungeon)

   [ring of strength]

   It affects your strength (+4).
   It affects your intelligence (+2).
   It protects you from negative energy.
 n - a ring of protection from magic (left hand)
 t - a +5 ring of intelligence (right hand)
 v - an amulet of rage (around neck)
 z - an uncursed ring of protection from fire
 B - an uncursed ring of protection from fire
 G - an uncursed ring of ice
Wands
 c - a wand of paralysis (14/24)
 x - a wand of polymorph (0/24)
 D - a wand of confusion (0/48)
 N - a wand of paralysis (9/24)
 O - a wand of flame (31/48)
 P - a wand of iceblast (6/15)
 S - a wand of paralysis (10/24)
Scrolls
 e - 5 scrolls of remove curse
 f - 2 scrolls of amnesia
 g - 10 scrolls of identify
 q - 2 scrolls of teleportation
 s - 5 scrolls of immolation
 A - 5 scrolls of magic mapping
 C - 2 scrolls of enchant armour
 E - a scroll of recharging
Potions
 b - a potion of might
 h - 11 potions of curing
 i - 19 potions of blood
 j - 3 potions of brilliance
 l - 3 potions of magic
 m - 4 potions of mutation
 o - 2 potions of haste
 r - 6 potions of heal wounds
 M - 2 potions of lignification
 R - a potion of agility
Books
 p - a book of Maledictions

   Spells                             Type                      Level
   a - Corona                         Hexes                        1
   b - Ensorcelled Hibernation        Hexes/Ice                    2
   c - Confuse                        Hexes                        3
   d - Tukima's Dance                 Hexes                        3
   e - Dazzling Spray                 Conjuration/Hexes            3
 y - a book of Changes

   Spells                             Type                      Level
   a - Beastly Appendage              Transmutation                1
   b - Sticks to Snakes               Transmutation                2
   c - Spider Form                    Transmutation/Poison         3
   d - Ice Form                       Ice/Transmutation            4
   e - Blade Hands                    Transmutation                5
 L - a book of Power

   Spells                             Type                      Level
   a - Iskenderun's Battlesphere      Conjuration/Charms           5
   b - Venom Bolt                     Conjuration/Poison           5
   c - Bolt of Magma                  Conjuration/Fire/Earth       5
   d - Iron Shot                      Conjuration/Earth            6
   e - Orb of Destruction             Conjuration                  7
   f - Spellforged Servitor           Conjuration/Summoning        7
Miscellaneous
 H - a lamp of fire
 I - a fan of gales


   Skills:
 + Level 6.5 Fighting
 + Level 5.9 Dodging
 * Level 15.4 Unarmed Combat
 - Level 6.1 Spellcasting
 + Level 11.3 Transmutations
 + Level 6.2 Invocations


You had 11 spell levels left.
You knew the following spells:

 Your Spells              Type           Power        Failure   Level  Hunger
a - Blade Hands           Tmut           ######....   1%          5    #####..
b - Spider Form           Tmut/Pois      #####.....   1%          3    None
c - Ice Form              Ice/Tmut       #####...     6%          4    ###....


Dungeon Overview and Level Annotations

Branches:
Dungeon (10/15)            Temple (0/1) D:6            Lair (4/6) D:10
  Snake (0/4) Lair:3          Orc (0/2) D:9
  Swamp: Lair:2-4    Shoals: Lair:2-4

Altars:
Ashenzari
Fedhas
Gozag
Hepliaklqana
Kikubaaqudgha
Okawaru
Ru
Trog
Wu Jian
Yredelemnul
Beogh

Shops:
D:4 *   D:7 !


Innate Abilities, Weirdness & Mutations

Your natural rate of healing is unusually fast.
You have razor-sharp teeth.
You have supernaturally acute eyesight. (SInv)
You can survive without breathing.


Message History

The elephant barely misses you.
The elephant trunk-slaps you but does no damage.
Your surroundings suddenly seem different.
You start resting.
Your transformation is almost over.
You start resting.
Magic restored.
You start resting.
Your hands revert to their normal proportions.
Your +2 pair of gloves unmelds from your body.
Some of your 32 potions of blood rot away.
Found a potion of lignification.
You see here a potion of degeneration.
There is a stone staircase leading up here.
You start resting.
Some of your 25 potions of blood rot away.
A rime drake comes into view.
The rime drake hisses angrily.
The rime drake breathes ice at you. The flash freeze hits you!
You die... █.........█ ██........█ ██.....████ █......███ ██.......██ █████

. █........███.█.███..
██..........[........
█....(............!..
██..........!@............
█.█..............███........█
████..................█......█
█....P...........P>.........
█................P..PP......
██.........................█
█..........................
█...k.....=.........█.....█
██..............█..........█


You could see a rime drake.

Vanquished Creatures
  Gastronok (Lair:2)
  A hydra (Lair:1)
  Fannar (Lair:2)
  Harold (Lair:2)
  Erica (Lair:2)
  An unseen horror (D:10)
  Pikel (D:8)
  Maurice (D:8)
  5 elephants (Lair:4)
  Joseph (D:7)
  5 spiny frogs
  2 rime drakes
  4 komodo dragons
  A queen bee (Lair:2)
  4 hippogriffs
  5 wyverns
  15 yaks
  5 basilisks (Lair:2)
  A hungry ghost (D:9)
  An acid dragon (D:10)
  3 nagas (Lair:3)
  6 water moccasins
  7 orc warriors
  A swamp drake (Lair:1)
  2 ice beasts
  6 porcupines
  A slave (D:8)
  2 phantoms
  6 ogres
  9 black bears
  2 wolves (D:8)
  4 centaurs
  8 crocodiles
  A big kobold (D:8)
  15 bullfrogs
  A gnoll sergeant (D:8)
  4 scorpions
  24 killer bees (Lair:2)
  7 wights
  2 howler monkeys
  5 crimson imps
  2 quasits
  A hound (D:7)
  Crazy Yiuf (D:6)
  8 orc priests
  3 bullfrog skeletons
  A centaur skeleton (D:10)
  3 iguanas
  3 orc wizards
  8 worker ants
  A killer bee zombie (D:8)
  2 hound zombies
  3 hound skeletons
  A worker ant zombie (D:10)
  3 gnolls (D:8)
  6 adders
  A river rat (Lair:1)
  A shadow imp (D:7)
  An ooze (D:1)
  An adder skeleton (D:4)
  2 adder zombies
  2 dart slugs
  2 leopard geckos
  36 orcs
  14 bats
  5 giant cockroaches
  8 goblins
  8 hobgoblins
  6 jackals
  4 quokkas
  6 frilled lizards
  7 kobolds
  A quokka skeleton (D:8)
  3 quokka zombies
  8 rats
335 creatures vanquished.

Vanquished Creatures (others)
  A slave (D:8)
  A gnoll (D:8)
  An orc (D:8)
  2 fungi (Lair:2)
5 creatures vanquished.

Grand Total: 340 creatures vanquished

Notes
Turn   | Place    | Note
-------+----------+-------------------------------------------
     0 | D:1      | nht the Vampire Transmuter began the quest for the Orb.
     0 | D:1      | Reached XP level 1. HP: 14/14 MP: 3/3
   118 | D:1      | Reached XP level 2. HP: 16/20 MP: 5/5
   413 | D:1      | Reached skill level 4 in Unarmed Combat
   613 | D:1      | Reached XP level 3. HP: 25/25 MP: 6/6
   921 | D:1      | Learned a level 3 spell: Spider Form
  1318 | D:2      | Reached XP level 4. HP: 18/31 MP: 7/7
  1860 | D:3      | Reached skill level 5 in Unarmed Combat
  1898 | D:3      | Found an iron altar of Okawaru.
  1909 | D:3      | Became a worshipper of Warmaster Okawaru
  2020 | D:3      | Found a shattered altar of Ashenzari.
  2119 | D:3      | Noticed a centaur
  2128 | D:3      | Killed a centaur
  2128 | D:3      | Reached XP level 5. HP: 21/36 MP: 4/8
  2195 | D:4      | Found Qedun's General Store.
  2203 | D:4      | Bought a potion of brilliance for 48 gold pieces
  2203 | D:4      | Bought a potion of heal wounds for 60 gold pieces
  2203 | D:4      | Bought a scroll of immolation for 42 gold pieces
  2248 | D:4      | Learned a level 5 spell: Blade Hands
  2310 | D:4      | Noticed an ogre
  2316 | D:4      | Killed an ogre
  2316 | D:4      | Reached skill level 6 in Unarmed Combat
  2316 | D:4      | Reached XP level 6. HP: 18/42 MP: 9/9
  2723 | D:4      | Reached * piety under Okawaru
  2723 | D:4      | Reached skill level 7 in Unarmed Combat
  3070 | D:5      | Entered Level 5 of the Dungeon
  3100 | D:5      | Found a hazy altar of Hepliaklqana.
  3135 | D:5      | Reached skill level 5 in Transmutations
  3135 | D:5      | Reached XP level 7. HP: 47/47 MP: 4/10
  3416 | D:5      | Found an ancient bone altar of Kikubaaqudgha.
  3598 | D:6      | Found a basalt altar of Yredelemnul.
  3616 | D:6      | Reached skill level 8 in Unarmed Combat
  3667 | D:6      | Found a bloodstained altar of Trog.
  3683 | D:6      | Reached ** piety under Okawaru
  3698 | D:6      | Found a staircase to the Ecumenical Temple.
  3760 | D:6      | Found a runed door.
  3801 | D:6      | Found an ornate altar of the Wu Jian Council.
  3814 | D:6      | Reached skill level 9 in Unarmed Combat
  3814 | D:6      | Reached XP level 8. HP: 35/53 MP: 8/11
  3999 | D:6      | Reached skill level 10 in Unarmed Combat
  4102 | D:6      | Reached *** piety under Okawaru
  4397 | D:6      | Noticed Crazy Yiuf
  4403 | D:6      | Killed Crazy Yiuf
  4759 | D:7      | Found Kicuw's Distillery.
  4767 | D:7      | Bought a potion of brilliance for 56 gold pieces
  4767 | D:7      | Bought 2 potions of berserk rage for 140 gold pieces
  4767 | D:7      | Bought a potion of degeneration for 14 gold pieces
  4907 | D:7      | Reached XP level 9. HP: 55/58 MP: 6/12
  4912 | D:7      | Reached skill level 11 in Unarmed Combat
  5119 | D:7      | Noticed Joseph
  5132 | D:7      | Killed Joseph
  5259 | D:7      | Learned a level 4 spell: Ice Form
  5338 | D:8      | Noticed Grum
  5340 | D:8      | Noticed Grum
  5340 | D:8      | Grum changed into Grum the crocodile
  5344 | D:8      | Killed Grum the crocodile
  5357 | D:8      | Got a glittering jade ring
  5368 | D:8      | Identified the ring of Xutoe {rN+ Str+4 Int+2} (You found it on level 8 of the Dungeon)
  5415 | D:8      | Reached skill level 12 in Unarmed Combat
  5445 | D:8      | Reached skill level 1 in Fighting
  5507 | D:7      | Reached **** piety under Okawaru
  5592 | D:8      | Reached skill level 1 in Invocations
  5620 | D:8      | Noticed Maurice
  5634 | D:8      | Killed Maurice
  5711 | D:8      | Reached XP level 10. HP: 57/67 MP: 14/14
  5795 | D:8      | Noticed Pikel
  5818 | D:8      | Killed Pikel
  5991 | D:9      | Found a blossoming altar of Fedhas.
  6129 | D:9      | Found an opulent altar of Gozag.
  6131 | D:9      | Found a sacrificial altar of Ru.
  6520 | D:9      | Found a roughly hewn altar of Beogh.
  6520 | D:9      | Found a staircase to the Orcish Mines.
  6908 | D:9      | Found an ornate altar of the Wu Jian Council.
  6914 | D:9      | Reached ***** piety under Okawaru
  7090 | D:10     | Entered Level 10 of the Dungeon
  7125 | D:10     | Reached skill level 13 in Unarmed Combat
  7391 | D:10     | Reached XP level 11. HP: 69/76 MP: 7/17
  7405 | D:10     | Noticed an unseen horror
  7421 | D:10     | Killed an unseen horror
  7569 | D:10     | Found a staircase to the Lair.
  8017 | D:10     | Reached skill level 10 in Transmutations
  8144 | Lair:1   | Entered Level 1 of the Lair of Beasts
  8320 | Lair:1   | Noticed a four-headed hydra
  8327 | Lair:1   | Killed a four-headed hydra
  8329 | Lair:1   | Reached skill level 14 in Unarmed Combat
  8330 | Lair:1   | Reached ****** piety under Okawaru
  8554 | Lair:1   | Received a gift from Okawaru
  9173 | Lair:2   | Reached skill level 5 in Spellcasting
  9211 | Lair:2   | Reached skill level 5 in Fighting
  9246 | Lair:2   | Reached skill level 5 in Invocations
  9393 | Lair:2   | Noticed Gastronok
  9414 | Lair:2   | Killed Gastronok
  9414 | Lair:2   | Reached XP level 12. HP: 13/86 MP: 13/20
  9571 | Lair:2   | Noticed Harold
  9597 | Lair:2   | Killed Harold
  9597 | Lair:2   | Received a gift from Okawaru
  9620 | Lair:2   | Identified a +1 pair of boots of running (Okawaru gifted it to you on level 2 of the Lair of Beasts)
  9752 | Lair:2   | Noticed Fannar
  9790 | Lair:2   | Killed Fannar
  9794 | Lair:2   | Noticed Erica
  9800 | Lair:2   | Killed Erica
  9995 | Lair:2   | Reached skill level 15 in Unarmed Combat
 10069 | Lair:2   | Reached skill level 5 in Dodging
 10510 | Lair:3   | Got a smoking leather armour
 10531 | Lair:3   | Identified the cursed +0 leather armour of the Land of Plenty {Str+2} (You found it on level 3 of the Lair of Beasts)
 10607 | Lair:3   | Found a staircase to the Snake Pit.
 11756 | Lair:4   | HP: 3/89 [elephant (15)]
 11797 | Lair:4   | Killed from afar by a rime drake

Vault maps used:
D:1:      dpeg_arrival_lava_altar
D:2:      cheibrodos_old_hovel
D:3:      marbit_many_paths, first_bread, hex_tiny, okawaru_metal_pillars_3
D:4:      serial_shops, shop
D:5:      kennysheep_little_box, kennysheep_mini_moat
D:6:      black_bear_nest_2, old_standard_altar, lemuel_doored_altar,
          trog_ov_bears_minmay, minmay_temple_entry_large_hall,
          uniq_crazy_yiuf_cottage
D:7:      serial_shops, shop, grunt_ogre_cave, hex_intersection,
          minmay_misc_feat_room, uniq_joseph
D:8:      uniq_grum, uniq_maurice, uniq_pikel
D:9:      fedhas_altar_1, grunt_temple_overflow_open, david_orc_5, basic_altar
D:10:     erik_lair_dragon, minmay_misc_feat_columns
Lair:1:   dpeg_stationary_puzzle
Lair:2:   regret_index_tunnel_blossom, wad_woods_river_04, uniq_harold,
          uniq_erica, uniq_fannar, uniq_gastronok
Lair:3:   guppyfry_snake_entry_island
Lair:4:   beast_lair_carwin_large_3, swamp_mist, hangedman_lair_generics_rect,
          serial_bayou_shore_b

Skill      XL: |  1  2  3  4  5  6  7  8  9 10 11 12 |
---------------+-------------------------------------+-----
Unarmed Combat | 4 5 6 7 9 10 12 13 14 15 | 15.4
Transmutations | 3 4 5 6 7 8 9 10 11 | 11.3
Fighting       | 2 3 5 6 |  6.5
Invocations    | 1 3 5 6 |  6.2
Spellcasting   | 4 5 6 |  6.1
Dodging        | 4 5 |  5.9

Action                   |  1- 3 |  4- 6 |  7- 9 | 10-12 || total
-------------------------+-------+-------+-------+-------++-------
Melee: Unarmed           |   180 |   138 |   249 |   513 ||  1080
       Kick              |    15 |     1 |       |       ||    16
       Bite              |     7 |     4 |    18 |    32 ||    61
       Headbutt          |     3 |       |       |       ||     3
       Punch             |     3 |       |     8 |    20 ||    31
 Cast: Beastly Appendage |    16 |     1 |       |       ||    17
       Spider Form       |       |     1 |    11 |       ||    12
       Blade Hands       |       |     1 |    10 |    57 ||    68
       Ice Form          |       |       |       |     3 ||     3
Invok: Heroism           |       |       |     5 |    16 ||    21
       Finesse           |       |       |       |     2 ||     2
Evoke: Wand              |       |       |     5 |    24 ||    29
  Use: Potion            |     7 |     6 |    14 |    40 ||    67
       Scroll            |     2 |    11 |     3 |    11 ||    27
 Stab: Sleeping          |     3 |     2 |     2 |     1 ||     8
       Distracted        |     1 |       |     1 |       ||     2
       Paralysed         |       |       |     5 |       ||     5
  Eat: Corpse            |     3 |     1 |     8 |    11 ||    23
Armor: Robe              |    62 |    32 |    41 |    71 ||   206
       Skin              |       |     2 |     2 |     2 ||     6
Dodge: Dodged            |   126 |    69 |   152 |   230 ||   577
       Deflected         |       |       |       |     2 ||     2
